 Dungeon Crawl Stone Soup version 0.29-a0-997-gf6f7e2dfe7 (webtiles) character file.

Game seed: 554109911484947880

11314 siradein the Markshill orc (level 11, -13/72 HPs)
             Began as a Hill Orc Hunter on Aug 4, 2022.
             Was a Follower of Hepliaklqana.
             Mangled by a boulder beetle (52 damage)
             ... on level 10 of the Dungeon.
             The game lasted 00:26:30 (14220 turns).

siradein the Markshill orc (Hill Orc Hunter)       Turns: 14220, Time: 00:26:31

Health: -13/72     AC: 14    Str: 15    XL:     11   Next: 75%
Magic:  11/11      EV: 12    Int:  9    God:    Hepliaklqana [*.....]
Gold:   488        SH:  0    Dex: 24    Spells: 10/10 levels left

rFire   . . .      SeeInvis +   n - +0 arbalest
rCold   . . .      Faith    .   (shield currently unavailable)
rNeg    . . .      Spirit   .   N - +0 acid dragon scales
rPois   .          Reflect  .   r - +2 helmet
rElec   .          Harm     .   (no cloak)
rCorr   +          Rampage  .   (no gloves)
Will    .....                   k - +1 pair of boots
Stlth   ++........              e - amulet of the acrobat
HPRegen 0.22/turn               M - +6 ring of dexterity
MPRegen 0.12/turn               m - ring of see invisible

@: no status effects
A: reduced essence
a: Renounce Religion, Recall Ancestor, Ancestor Identity


You were on level 10 of the Dungeon.
You worshipped Hepliaklqana.
Hepliaklqana was aware of your devotion.
You visited 2 branches of the dungeon, and saw 12 of its levels.

You collected 488 gold pieces.

Inventory:

Hand Weapons
 n - a +0 arbalest (weapon)
Missiles
 C - 2 throwing nets
Armour
 k - a +1 pair of boots (worn)
 r - a +2 helmet (worn)
 N - +0 acid dragon scales (worn)
Jewellery
 e - an amulet of the acrobat (around neck)
 m - a ring of see invisible (right hand)
 v - a ring of flight
 F - a ring of poison resistance
 M - a +6 ring of dexterity (left hand)
Wands
 i - a wand of flame (1)
 s - a wand of polymorph (21)
 B - a wand of roots (22)
Scrolls
 b - 4 scrolls of immolation
 c - a scroll of vulnerability {unknown}
 d - 5 scrolls of teleportation
 j - a scroll of enchant armour
 l - 2 scrolls of torment
 p - 2 scrolls of fog {unknown}
 q - 2 scrolls of summoning {unknown}
 t - 5 scrolls of poison {unknown}
 u - 4 scrolls of amnesia
 y - 3 scrolls of silence {unknown}
 E - 2 scrolls of magic mapping {unknown}
 H - 5 scrolls of identify
 I - a scroll of blinking {unknown}
Potions
 a - 3 potions of cancellation {unknown}
 f - a potion of curing
 g - 3 potions of ambrosia {unknown}
 h - 6 potions of brilliance {unknown}
 o - a potion of heal wounds {unknown}
 w - 4 potions of attraction
 z - 3 potions of mutation {unknown}
 A - 5 potions of haste {unknown}
 D - 3 potions of berserk rage {unknown}
 G - a potion of flight {unknown}
 J - 2 potions of degeneration {unknown}
 K - a potion of invisibility {unknown}
 L - a potion of lignification {unknown}


   Skills:
 - Level 2.4 Fighting
 + Level 15.0 Ranged Weapons
 + Level 9.5 Armour
 - Level 1.5 Dodging
 - Level 0.7 Stealth


You had 10 spell levels left.
You didn't know any spells.
Your spell library contained the following spells:

 Spells                   Type           Power      Damage    Failure   Level
 Apportation              Tloc           0%         N/A       47%         1
 Beastly Appendage        Tmut           0%         N/A       47%         1
 Necrotise                Necr           0%         1d4       47%         1
 Shock                    Conj/Air       0%         1d3       47%         1
 Summon Small Mammal      Summ           0%         N/A       47%         1
 Scorch                   Fire           0%         2d5       63%         2
 Sublimation of Blood     Necr           0%         N/A       63%         2
 Wereblood                Tmut           0%         N/A       63%         2
 Call Canine Familiar     Summ           0%         N/A       85%         3
 Confusing Touch          Hex            0%         N/A       85%         3
 Dazzling Flash           Conj/Hex       0%         N/A       85%         3
 Gell's Gravitas          Tloc           0%         N/A       85%         3
 Inner Flame              Hex/Fire       0%         N/A       85%         3
 Lesser Beckoning         Tloc           0%         N/A       85%         3
 Spider Form              Tmut/Pois      0%         N/A       85%         3
 Summon Guardian Golem    Hex/Summ       0%         N/A       85%         3
 Swiftness                Air            0%         N/A       85%         3
 Teleport Other           Tloc           0%         N/A       85%         3
 Vampiric Draining        Necr           0%         2d6       85%         3
 Airstrike                Air            0%         2d(0-16)  99%         4
 Cause Fear               Hex            0%         N/A       99%         4
 Fulminant Prism          Conj/Hex       0%         3d6       99%         4
 Iskenderun's Mystic Bla  Conj/Tloc      0%         2d3       99%         4
 Agony                    Necr           0%         N/A       100%        5
 Alistair's Intoxication  Tmut/Pois      0%         N/A       100%        5
 Starburst                Conj/Fire      0%         6d3       100%        6
 Summon Hydra             Summ           0%         N/A       100%        7
 Discord                  Hex            0%         N/A       100%        8


Dungeon Overview and Level Annotations

Branches:
Dungeon (11/15)            Temple (1/1) D:7            Lair (0/5) D:10
    Orc: D:9-12

Altars:
Ashenzari
Cheibriados
Dithmenos
Elyvilon
Fedhas
Gozag
Hepliaklqana
Kikubaaqudgha
Makhleb
Nemelex Xobeh
Okawaru
Qazlal
Ru
Sif Muna
Trog
Uskayaw
Vehumet
Wu Jian
Xom
Yredelemnul
Zin
The Shining One

Shops:
D:7 *


Message History

You swap places.
There is an open door here.
Things that are here:
a +0 mace; a +0 robe
There is a stone staircase leading down here.
You climb downwards.
Found an escape hatch in the floor.
There is a stone staircase leading up here.
There are monsters nearby!
The cyan ugly thing gurgles horribly!
Moose Knuckle hits the boulder beetle but does no damage.
The boulder beetle bites you but does no damage.
You climb upwards.
There is a stone staircase leading down here.
You shoot a bolt. The bolt hits the boulder beetle!!
The boulder beetle is moderately wounded.
The boulder beetle bites you!
Unknown command.
You swap places.
The boulder beetle attacks as you move away!
The boulder beetle bites you!!
Moose Knuckle barely misses the boulder beetle.
The boulder beetle curls into a ball and begins rolling!
You shoot a bolt. Moose Knuckle avoids your attack.
The bolt hits the boulder beetle.
The boulder beetle is moderately wounded.
Moose Knuckle hits the boulder beetle!
The boulder beetle hits Moose Knuckle!!!
Moose Knuckle is destroyed!
The boulder beetle stops rolling and uncurls.
You shoot a bolt.
The bolt hits the boulder beetle but does no damage.
The boulder beetle is moderately wounded.
The boulder beetle curls into a ball and begins rolling!
You shoot a bolt.
The bolt hits the boulder beetle but does no damage.
The boulder beetle is moderately wounded.
The boulder beetle hits you!!!
Ouch! That really hurt!
You die...

...#
#.'.'_####.#
##.# ###.###
#.# #.#
#.'.'.# #.#
#.# ###.###
#.# #.#
#.'.'.# #.#
#.#
###.######.#
#5#
#.'.'.#..#.#
#.#
###.####.#.#
#.#
#.'.'.##.#@#
#5#
########.#B#
#.# #.#○# #.#
#########.#.#
#.#
#...........##
#.#
#............#
#.#
#.#######.##.#
##.# #.#
#.##.#
...###.#
#.##.#


You could see a boulder beetle (rolling).

Vanquished Creatures
  Erica (D:9)
  An elephant (D:10)
  5 centaur zombies (D:10)
  Grinder (D:6)
  A wraith (D:8)
  21 yaks
  A basilisk (D:10)
  3 vampire mosquitoes (D:10)
  A wyvern (D:9)
  Menkaure (D:7)
  An acid dragon (D:9)
  3 water moccasins
  3 black bears
  3 ice beasts
  3 orc warriors
  2 ogres (D:5)
  4 phantoms (D:5)
  5 kobold brigands
  A bullfrog (D:7)
  2 gnoll sergeants
  6 necrophages
  A scorpion (D:5)
  A wight (D:10)
  11 killer bees
  2 howler monkeys
  3 electric eels (D:9)
  4 orc priests
  3 hounds
  A human zombie (D:10)
  4 jellies
  A gnoll bouda (D:7)
  Jessica (D:2)
  An iguana (D:5)
  5 orc wizards
  A mummy (D:10)
  Robin (D:2)
  26 gnolls
  12 adders
  2 shadow imps (D:6)
  A white imp (D:6)
  2 ufetubi
  3 worms
  7 dart slugs
  19 orcs
  4 bats (D:3)
  11 endoplasms
  4 giant cockroaches
  13 hobgoblins
  17 jackals
  29 kobolds
  2 quokkas
  16 ball pythons
  4 frilled lizards
  14 goblins
  5 rats
300 creatures vanquished.

Vanquished Creatures (others)
  An ancestor (D:10)
  An orc wizard (D:9)
  5 fungi (D:10)
  2 plants (D:9)
  A withered plant (D:3)
10 creatures vanquished.

Grand Total: 310 creatures vanquished

Notes
Turn   | Place    | Note
-------+----------+-------------------------------------------
     0 | D:1      | siradein the Hill Orc Hunter began the quest for the Orb.
     0 | D:1      | Reached XP level 1. HP: 18/18 MP: 1/1
    52 | D:1      | Reached skill level 4 in Ranged Weapons
    52 | D:1      | Reached XP level 2. HP: 1/25 MP: 2/2
   804 | D:1      | Reached XP level 3. HP: 30/30 MP: 3/3
  1661 | D:2      | Reached skill level 5 in Ranged Weapons
  1661 | D:2      | Reached XP level 4. HP: 37/37 MP: 4/4
  1794 | D:2      | Reached XP level 5. HP: 36/42 MP: 5/5
  2133 | D:2      | Noticed Jessica
  2140 | D:2      | Killed Jessica
  2141 | D:2      | Reached skill level 6 in Ranged Weapons
  2347 | D:2      | Noticed Robin
  2393 | D:2      | Killed Robin
  3177 | D:3      | Found a faded altar of an unknown god.
  3181 | D:3      | Noticed an ice beast
  3204 | D:3      | Killed an ice beast
  3205 | D:3      | Reached XP level 6. HP: 31/50 MP: 6/6
  3370 | D:3      | Reached skill level 7 in Ranged Weapons
  3876 | D:4      | Found an ornate altar of the Wu Jian Council.
  3883 | D:4      | Found a basalt altar of Yredelemnul.
  3884 | D:4      | Found a glowing golden altar of the Shining One.
  4528 | D:4      | Reached XP level 7. HP: 56/56 MP: 7/7
  4640 | D:4      | Found a snail-covered altar of Cheibriados.
  4704 | D:5      | Entered Level 5 of the Dungeon
  4834 | D:5      | Reached skill level 8 in Ranged Weapons
  5121 | D:5      | Reached XP level 8. HP: 62/62 MP: 8/8
  5142 | D:5      | Reached skill level 9 in Ranged Weapons
  5984 | D:5      | Reached skill level 10 in Ranged Weapons
  6268 | D:6      | Reached XP level 9. HP: 61/68 MP: 9/9
  6415 | D:6      | Noticed Grinder
  6668 | D:6      | Paralysed by Grinder for 5 turns
  6678 | D:6      | Killed Grinder
  6679 | D:6      | Reached skill level 11 in Ranged Weapons
  6939 | D:6      | Got the Tome of Flaming Glamour
  7174 | D:7      | Found an opulent altar of Gozag.
  7222 | D:7      | Found Gozag's Platinum Reserve.
  7338 | D:7      | Reached skill level 12 in Ranged Weapons
  7998 | D:7      | Noticed Menkaure
  8003 | D:7      | Killed Menkaure
  8462 | D:7      | Reached skill level 13 in Ranged Weapons
  8500 | D:7      | Found a staircase to the Ecumenical Temple.
  8511 | D:7      | Reached XP level 10. HP: 74/74 MP: 10/10
  8519 | Temple   | Entered the Ecumenical Temple
  8802 | D:8      | Reached skill level 1 in Armour
  9377 | D:8      | Found a shimmering altar of Xom.
  9437 | D:8      | You fall into a shaft and drop 1 floor!
  9608 | D:9      | Found a transporter.
  9627 | D:9      | Found a transporter.
 10802 | D:9      | Found a blossoming altar of Fedhas.
 10802 | D:9      | Found a radiant altar of Vehumet.
 10803 | D:9      | Found a shimmering blue altar of Sif Muna.
 10807 | D:9      | Found a sparkling altar of Nemelex Xobeh.
 10817 | D:9      | Found an iron altar of Okawaru.
 10821 | D:9      | Found a burning altar of Makhleb.
 10824 | D:9      | Found a broken altar of Ashenzari.
 10825 | D:9      | Found a hazy altar of Hepliaklqana.
 11165 | D:9      | Became a worshipper of Hepliaklqana the Forgotten
 11300 | D:9      | Reached skill level 5 in Armour
 11682 | D:9      | Noticed Erica
 11697 | D:9      | Killed Erica
 11698 | D:9      | Reached skill level 14 in Ranged Weapons
 12179 | D:9      | Reached XP level 11. HP: 51/80 MP: 11/11
 12427 | D:10     | Entered Level 10 of the Dungeon
 13010 | D:10     | Found an ancient bone altar of Kikubaaqudgha.
 13203 | D:10     | Noticed a sixfirhy
 13714 | D:10     | Reached skill level 15 in Ranged Weapons
 13760 | D:10     | Found a staircase to the Lair.
 13933 | D:10     | Found a bloodstained altar of Trog.
 13960 | D:10     | Reached * piety under Hepliaklqana
 14213 | D:11     | Noticed a cyan ugly thing
 14213 | D:11     | Noticed a boulder beetle
 14220 | D:10     | Mangled by a boulder beetle

Illustrated notes

Levels and vault maps discovered:
D:1:      sevenhm_arrival_forest_fort_large_4, layout_basic
D:2:      cheibrodos_helix_gallery, layout_basic, kennysheep_potato, uniq_robin,
          uniq_jessica
D:3:      layout_basic, ebering_ecumenical_altar_petrified,
          chequers_decorated_corner
D:4:      layout_basic, mainiacjoe_overflow_alcove_1,
          gammafunk_temple_overflow_forgotten, serial_rivers,
          chequers_serial_rivers_room_b, chequers_serial_rivers_small_a,
          chequers_serial_rivers_small_3, chequers_serial_rivers_marsh,
          minmay_snake_closets
D:5:      layout_basic, minmay_misc_feat_doors, serial_bayou_pond_e,
          minmay_quadrilaterals
D:6:      layout_loops_ring, uniq_grinder
D:7:      layout_basic, nicolae_gozag_zags_fifth_avenue,
          minmay_temple_entry_water_ring, kennysheep_generic_room_3,
          uniq_menkaure
D:8:      layout_rooms, mainiacjoe_overflow_concentric_impassable
D:9:      gammafunk_steamed_eel, layout_long_grid,
          nicolae_overflow_hallway_of_the_gods, minmay_misc_feat_room,
          kennysheep_pointless_box, kennysheep_small_spiral, uniq_erica
D:10:     layout_loops_ring, lemuel_mausoleum_altar_kikubaaqudgha,
          overflow_temple_1_default, david_lair_generic
D:11:     layout_loops_ring, corexii_hall_statues_s, disabler_island
Temple:   nicolae_temple_ecumenical_triangle

Skill      XL: |  1  2  3  4  5  6  7  8  9 10 11 |
---------------+----------------------------------+-----
Ranged Weapons | 4 5 6 7 8 10 13 14 15 | 15.0
Armour         | 6 9 |  9.5
Fighting       | |  2.4
Dodging        | |  1.5
Stealth        | |  0.7

Action                   |  1- 3 |  4- 6 |  7- 9 | 10-12 || total
-------------------------+-------+-------+-------+-------++-------
 Fire: Shortbow          |   116 |   145 |       |       ||   261
       Arbalest          |       |   109 |   229 |   409 ||   747
Invok: Ancestor Identity |       |       |       |     1 ||     1
Evoke: Wand              |       |       |       |     3 ||     3
  Use: Scroll            |       |       |     6 |     2 ||     8
       Potion            |       |       |       |     2 ||     2
Armor: Leather armour    |    10 |    22 |    41 |    26 ||    99
       Ring mail         |    19 |    50 |       |     2 ||    71
       Acid dragon scale |       |       |       |    85 ||    85
Dodge: Dodged            |    75 |   113 |    99 |   231 ||   518

Table legend: (Time is in decaauts)
 A = Elapsed time spent in this place.
 B = Non-inter-level travel time spent in this place.
 C = Inter-level travel time spent in this place.
 D = Time resting spent in this place.
 E = Time spent auto-exploring this place.
 F = Levels seen in this place.
 G = Mean time per level.
                   A        B        C        D        E       F      G
               +--------+--------+--------+--------+--------+-----+--------+
         Total |  14623 |  14196 |    427 |   1243 |  10731 |  12 | 1218.6 |
       Dungeon |  14575 |  14148 |    427 |   1243 |  10702 |  11 | 1325.0 |
        Temple |     48 |     48 |      0 |      0 |     29 |   1 |   48.0 |
               +--------+--------+--------+--------+--------+-----+--------+

Top non-repeatable levels by time:
     D:9: 2382 daAuts
     D:5: 1710 daAuts
    D:10: 1686 daAuts
     D:2: 1666 daAuts
     D:1: 1540 daAuts
     D:8: 1503 daAuts
     D:7: 1344 daAuts
     D:6: 1087 daAuts
     D:4: 1009 daAuts
     D:3: 641 daAuts
  Temple: 48 daAuts
    D:11: 1 daAuts
